 Dungeon Crawl Stone Soup version 0.28-a0-1190-g77e1c55843 (webtiles) character file.

Game seed: 11958927040382633393

8507 frimble the Slasher (level 11, -1/80 HPs)
             Began as a Demonspawn Warper on Dec 19, 2021.
             Slain by a two-headed ogre (18 damage)
             ... on level 10 of the Dungeon.
             The game lasted 00:20:48 (13591 turns).

frimble the Slasher (Demonspawn Warper)            Turns: 13591, Time: 00:20:49

Health: -1/80      AC:  4    Str: 13    XL:     11   Next: 10%
Magic:  0/14       EV: 16    Int: 16    God:
Gold:   633        SH:  0    Dex: 12    Spells: 5/14 levels left

rFire   . . .      SeeInvis .   b - +4 scimitar (flame)
rCold   . . .      Faith    .   (no shield)
rNeg    . . .      Spirit   +   J - +0 leather armour "Limnyw" {+Blink Regen+ Str-2}
rPois   .          Reflect  .   (helmet restricted)
rElec   .          Harm     .   n - +0 cloak
rCorr   .          Rampage  .   (gloves unavailable)
Will    +....                   (no boots)
Stlth   ++........              f - amulet of guardian spirit
HPRegen 1.03/turn               s - +4 ring of evasion
MPRegen 0.14/turn               v - ring of willpower

@: no status effects
A: hooves 2, horns 2, demonic guardian 1, demonic touch 3
a: Evoke Blink


You were on level 10 of the Dungeon.
You visited 1 branch of the dungeon, and saw 10 of its levels.
You also visited: Bailey.

You collected 633 gold pieces.

Inventory:

Hand Weapons
 a - a +1 dagger of electrocution
 b - a +4 scimitar of flaming (weapon)
Missiles
 d - 5 boomerangs of dispersal
 e - 23 boomerangs
 l - 39 poisoned darts (quivered)
 A - a throwing net
Armour
 n - a +0 cloak (worn)
 B - a +1 kite shield
 D - a +2 robe of resistance
 J - the +0 leather armour "Limnyw" (worn) {+Blink Regen+ Str-2}
   (You found it in a bailey)

   Str:       It affects your strength (-2).
   +Blink:    It lets you blink.
   Regen:     It increases your rate of health regeneration.
Jewellery
 f - an amulet of guardian spirit (around neck)
 o - an amulet of magic regeneration
 s - a +4 ring of evasion (left hand)
 v - a ring of willpower (right hand)
 C - a ring of ice
 F - a ring of resist corrosion
 H - a ring of ice
Wands
 g - a wand of paralysis (8)
 m - a wand of flame (41)
 w - a wand of digging (6)
 y - a wand of polymorph (8)
 I - a wand of acid (5)
Scrolls
 h - 4 scrolls of amnesia
 i - a scroll of magic mapping
 k - a scroll of blinking
 t - a scroll of acquirement
 u - a scroll of immolation
 x - 4 scrolls of teleportation
 z - 5 scrolls of identify
 E - a scroll of fear
Potions
 c - a potion of mutation
 j - 4 potions of heal wounds
 p - 2 potions of attraction
 q - 2 potions of brilliance
 r - 2 potions of curing
 G - a potion of cancellation


   Skills:
 + Level 5.3 Fighting
 - Level 5.1(6.9) Short Blades
 + Level 7.0(7.8) Long Blades
 - Level 6.0 Throwing
 - Level 0.8 Armour
 - Level 3.6 Dodging
 - Level 4.2 Stealth
 - Level 3.8 Shields
 - Level 3.6 Unarmed Combat
 - Level 2.0 Spellcasting
 - Level 6.0 Translocations
 - Level 6.0 Evocations


You had 5 spell levels left.
You knew the following spells:

 Your Spells              Type           Power      Damage    Failure   Level
a - Blink                 Tloc           40%        N/A       3%          2
b - Passwall              Tmut/Erth      0%         N/A       36%         2
c - Irradiate             Conj/Tmut      0%         3d13      100%        5

Your spell library contained the following spells:

 Spells                   Type           Power      Damage    Failure   Level
 Gell's Gravitas          Tloc           20%        N/A       7%          3
 Lesser Beckoning         Tloc           20%        N/A       7%          3
 Teleport Other           Tloc           20%        N/A       7%          3
 Sandblast                Erth           2%         2d4       26%         1
 Slow                     Hex            4%         N/A       26%         1
 Summon Small Mammal      Summ           4%         N/A       26%         1
 Sublimation of Blood     Necr           1%         N/A       36%         2
 Manifold Assault         Tloc           20%        N/A       52%         5
 Iskenderun's Mystic Bla  Conj/Tloc      11%        2d4       58%         4
 Call Canine Familiar     Summ           1%         N/A       61%         3
 Confusing Touch          Hex            1%         N/A       61%         3
 Dazzling Flash           Conj/Hex       2%         N/A       61%         3
 Stone Arrow              Conj/Erth      2%         3d7       61%         3
 Summon Guardian Golem    Hex/Summ       1%         N/A       61%         3
 Petrify                  Tmut/Erth      1%         N/A       95%         4
 Alistair's Intoxication  Tmut/Pois      0%         N/A       100%        5
 Borgnjor's Vile Clutch   Necr/Erth      0%         N/A       100%        5
 Iskenderun's Battlesphe  Conj           1%         2d6       100%        5
 Yara's Violent Unravell  Hex/Tmut       0%         3d3       100%        5
 Eringya's Noxious Bog    Tmut/Pois      0%         N/A       100%        6
 Starburst                Conj/Fire      0%         6d3       100%        6


Dungeon Overview and Level Annotations

Branches:
Dungeon (10/15)            Temple (0/1) D:7            Lair (0/6) D:10
    Orc (0/2) D:10         Bailey (visited)

Altars:
Ashenzari
Gozag
Qazlal
Trog
Uskayaw
The Shining One

Shops:
D:1 *   D:5 [![(

Annotations:
D:7 exclusion: ice statue


Innate Abilities, Weirdness & Mutations

You have hoof-like feet.
You have a pair of horns on your head.
A weak demonic guardian rushes to your aid.
Your touch may irresistibly damage your foes and sap their willpower.


Message History

The centaur warrior zombie hits you.
The centaur warrior zombie kicks you but does no damage.
You slash the centaur warrior zombie! You burn the centaur warrior zombie.
You kick the centaur warrior zombie.
The centaur warrior zombie is almost destroyed.
The centaur warrior zombie hits you.
The centaur warrior zombie barely misses you.
You slash the centaur warrior zombie! You burn the centaur warrior zombie.
You destroy the centaur warrior zombie!
Your Long Blades skill increases to level 7!
Casting: Blink (safe; 3% risk of failure)
Confirm with . or Enter, or press ? or * to list all spells.
You blink.
Throw: 41 darts (poison)
Press: ? - help, Q - select action, (/) - cycle Shift-Dir - straight line, f/p - two-headed ogre
Aim: a two-headed ogre, wielding two +0 giant spiked clubs (severely wounded, very poisoned, 77% to hit)
You throw a poisoned dart.
The poisoned dart hits the two-headed ogre.
The two-headed ogre looks even sicker.
The two-headed ogre is severely wounded.
Throw: 40 darts (poison)
Press: ? - help, Q - select action, (/) - cycle Shift-Dir - straight line, f/p - two-headed ogre
Aim: a two-headed ogre, wielding two +0 giant spiked clubs (severely wounded, very poisoned, 77% to hit)
You throw a poisoned dart.
The poisoned dart hits the two-headed ogre!
The two-headed ogre looks as sick as possible!
The two-headed ogre is severely wounded.
You hit the two-headed ogre. You burn the two-headed ogre.
You kick the two-headed ogre.
Your headbutt misses the two-headed ogre.
The two-headed ogre is severely wounded.
The two-headed ogre barely misses you. x2
You hit the two-headed ogre but do no damage.
You touch the two-headed ogre.
You sap its willpower!
The two-headed ogre is almost dead.
You feel stable enough to blink again.
The two-headed ogre hits you with a +0 giant spiked club!!
* * * LOW HITPOINT WARNING * * *
The two-headed ogre hits you with a +0 giant spiked club!!
You die...

*****+*************,,,,,,,,,,,,,,
,,**,,,,+,,,,,,,,,*,*,,,,*,,,,,,,
,,**,,,,*,,,,,,,,,*,*,,,,*,,,,,,,
,,**,,,,*,,,,,,,,,*,*,,,,*,,,,,,,
,,**,,,,*,,,,,,,,,*,*,,,,,,,,,,,,
,,#####+###########,,,,,,,,,,****
,,#...............######******,,,
,,#..........####........,,,**,,,
,,#..........#(O@........,,,**,,,
,,#.(..........#####+####*,,,,,,,
,,+(###....#####,,,,,,,,,*****,,,
,,#(#*#..### *,******,,* ***,
,,#Z##..## *,*,***,*,* **
+##.##.## *****,**,*,**,***** *
....#..# **,,,,,***,***,,,,,**
....#.#* **,,***,**,*,**,***,,**
##....# *,,** *,*,***,*,* **,,*


You could see a two-headed ogre (extremely poisoned, weak-willed).

Vanquished Creatures
  Erica (D:8)
  2 orc high priests (Bailey)
  2 orc knights (Bailey)
  A troll (D:8)
  Sigmund (D:2)
  4 yaks (D:8)
  A wyvern (D:8)
  Menkaure (D:4)
  A steam dragon (D:6)
  11 orc warriors
  An ice beast (D:7)
  2 necrophages
  A black bear (D:6)
  An ogre (D:6)
  3 wolves (D:10)
  2 kobold brigands
  Blork the orc (D:4)
  2 scorpions
  A wyvern skeleton (D:7)
  6 killer bees (D:8)
  4 wights (D:6)
  3 electric eels (Bailey)
  A howler monkey (D:7)
  A bullfrog zombie (D:6)
  3 centaur zombies
  A hound (D:7)
  2 jellies
  4 orc priests
  2 bullfrog skeletons
  2 gnoll shamans
  3 iguanas
  Crazy Yiuf (D:2)
  Ijyb (D:4)
  10 orc wizards
  A killer bee zombie (D:8)
  A hound skeleton (D:3)
  20 gnolls
  6 adders
  2 howler monkey skeletons
  2 ufetubi (D:5)
  2 adder skeletons (D:4)
  A worm (D:2)
  2 dart slugs
  22 orcs
  6 ball pythons
  11 endoplasms
  4 giant cockroaches (D:1)
  20 goblins
  13 hobgoblins
  2 jackals (D:2)
  12 kobolds
  3 quokkas
  8 bats
  2 frilled lizards (D:2)
  A jackal skeleton (D:4)
  5 rats
229 creatures vanquished.

Vanquished Creatures (collateral kills)
  A yak (D:8)
  Grum (D:10)
  A howler monkey (D:6)
  2 adders
  3 orcs (D:3)
8 creatures vanquished.

Vanquished Creatures (others)
  14 plants (D:4)
14 creatures vanquished.

Grand Total: 251 creatures vanquished

Notes
Turn   | Place    | Note
-------+----------+-------------------------------------------
     0 | D:1      | frimble the Demonspawn Warper began the quest for the Orb.
     0 | D:1      | Reached XP level 1. HP: 16/16 MP: 3/3
   172 | D:1      | Reached skill level 2 in Long Blades
   179 | D:1      | Gained mutation: A weak demonic guardian rushes to your
                  | aid. [demonic ancestry]
   179 | D:1      | Reached XP level 2. HP: 5/22 MP: 5/5
   613 | D:1      | Reached skill level 1 in Throwing
   637 | D:1      | Found a faded altar of an unknown god.
  1005 | D:1      | Found Obisom's General Store.
  1134 | D:1      | Learned a level 2 spell: Blink
  1151 | D:1      | You fall into a shaft and drop 1 floor!
  1255 | D:2      | Discovered your monstrous ancestry.
  1255 | D:2      | Gained mutation: You have a pair of small horns on your
                  | head. [demonic ancestry]
  1255 | D:2      | Reached XP level 3. HP: 27/27 MP: 6/6
  1292 | D:2      | Reached skill level 3 in Long Blades
  2020 | D:2      | Reached skill level 1 in Unarmed Combat
  2313 | D:2      | Gained mutation: You have a pair of horns on your head.
                  | [demonic ancestry]
  2313 | D:2      | Reached XP level 4. HP: 32/33 MP: 7/7
  2420 | D:2      | Noticed Sigmund
  2436 | D:2      | Killed Sigmund
  2437 | D:2      | Reached XP level 5. HP: 29/38 MP: 6/8
  2719 | D:2      | Found a runed translucent door.
  2720 | D:2      | Noticed Crazy Yiuf
  3096 | D:2      | Killed Crazy Yiuf
  3097 | D:2      | Gained mutation: You have large cloven feet. [demonic
                  | ancestry]
  3097 | D:2      | Reached XP level 6. HP: 27/44 MP: 5/9
  3950 | D:4      | Noticed Menkaure
  3955 | D:5      | Entered Level 5 of the Dungeon
  3955 | D:5      | Found Hoosadgh's Armour Boutique.
  4391 | D:5      | Found Comuom's Distillery.
  4490 | D:5      | Gained mutation: You have hoof-like feet. [demonic
                  | ancestry]
  4490 | D:5      | Reached XP level 7. HP: 28/51 MP: 10/10
  4792 | D:5      | Found Iroshan's Weapon Shop.
  4826 | D:5      | Found Loanijul's Armour Shop.
  4840 | D:5      | Reached skill level 1 in Evocations
  4901 | D:5      | Reached skill level 1 in Short Blades
  4975 | D:5      | Found a broken altar of Ashenzari.
  5176 | D:4      | Killed Menkaure
  5177 | D:4      | Reached skill level 5 in Throwing
  5469 | D:4      | Noticed Ijyb
  5475 | D:4      | Killed Ijyb
  5590 | D:4      | Noticed Blork the orc
  5605 | D:4      | Killed Blork the orc
  5606 | D:4      | Gained mutation: Your touch may inflict minor irresistible
                  | damage on your foes. [demonic ancestry]
  5606 | D:4      | Reached XP level 8. HP: 51/58 MP: 9/11
  6955 | D:6      | Identified the -1 pair of boots of Fortification {rElec
                  | rCorr Dex-4 SInv}
  7549 | D:7      | Reached skill level 5 in Evocations
  7549 | D:7      | Gained mutation: Your touch may inflict irresistible damage
                  | on your foes. [demonic ancestry]
  7549 | D:7      | Reached XP level 9. HP: 56/63 MP: 10/12
  7801 | D:7      | Found a staircase to the Ecumenical Temple.
  8238 | D:7      | Noticed an ice statue
  8617 | D:8      | Noticed Erica
  8656 | D:8      | Killed Erica
  8657 | D:8      | Reached skill level 5 in Short Blades
  8657 | D:8      | Reached skill level 1 in Stealth
  8657 | D:8      | Reached skill level 1 in Shields
  8781 | D:8      | Found a stormy altar of Qazlal.
  9095 | D:8      | Found an opulent altar of Gozag.
  9240 | D:8      | Reached skill level 5 in Translocations
  9470 | D:8      | Found a bloodstained altar of Trog.
  9509 | D:8      | Reached XP level 10. HP: 19/70 MP: 5/13
  9518 | D:8      | Reached skill level 4 in Long Blades
 11185 | D:9      | Found a hide-covered altar of Uskayaw.
 11443 | D:9      | Learned a level 2 spell: Passwall
 11449 | D:9      | Learned a level 5 spell: Irradiate
 11478 | D:10     | Entered Level 10 of the Dungeon
 11478 | D:10     | Found a staircase to the Lair.
 11513 | D:10     | Found a flagged portal.
 11545 | Bailey   | Entered a bailey
 11898 | Bailey   | Noticed an orc high priest
 11901 | Bailey   | Noticed an orc high priest
 11918 | Bailey   | Killed an orc high priest
 11919 | Bailey   | Reached skill level 5 in Long Blades
 11922 | Bailey   | Noticed a rust devil
 11922 | Bailey   | Noticed a sixfirhy
 11922 | Bailey   | Killed an orc high priest
 12168 | Bailey   | Found an iron altar of Okawaru.
 12531 | Bailey   | Reached skill level 6 in Long Blades
 12788 | Bailey   | Noticed an orc knight
 12851 | Bailey   | Killed an orc knight
 13080 | Bailey   | Noticed an orc knight
 13090 | Bailey   | Killed an orc knight
 13093 | Bailey   | Gained mutation: Your touch may irresistibly damage your
                  | foes and sap their willpower. [demonic ancestry]
 13093 | Bailey   | Reached XP level 11. HP: 71/78 MP: 12/14
 13176 | Bailey   | Got the Almanac of Inquiry
 13186 | Bailey   | Identified the +0 pair of boots "Qoato" {Rampage}
 13189 | Bailey   | Identified the +0 leather armour "Limnyw" {+Blink Regen+
                  | Str-2}
 13357 | D:10     | Noticed Grum
 13366 | D:10     | Killed Grum
 13415 | D:10     | Reached skill level 5 in Fighting
 13527 | D:10     | Noticed a two-headed ogre
 13587 | D:10     | Reached skill level 7 in Long Blades
 13591 | D:10     | Slain by a two-headed ogre

Illustrated notes

Levels and vault maps discovered:
D:1:      kilobyte_arrival_exit_the_forest, layout_loops_ring, serial_shops,
          nicolae_shop_hallway_plus, chequers_ecumenical_altar_simple_redux
D:2:      layout_basic, uniq_crazy_yiuf_cottage, uniq_sigmund
D:3:      layout_basic
D:4:      layout_rooms, mainiacjoe_overflow_24_doors,
          amcnicky_mini_rare_corridor_liquid, nicolae_grassy_gnolls,
          uniq_blork_the_orc, uniq_menkaure, uniq_ijyb
D:5:      layout_basic, mainiacjoe_overflow_alcove_1, serial_shops,
          nicolae_take_the_stairs, nicolae_shop_advertising_works
          [nicolae_subvault_shop_adworks], shop,
          nicolae_shop_bloodbath_and_beyond
D:6:      layout_cave_pods
D:7:      lemuel_ice_statue, layout_rooms, minmay_temple_entry_statues_pillars,
          nicolae_figureground_sparkle
D:8:      layout_loops_corners, bloody_trog, nicolae_gozag_seed_capital,
          nicolae_qazlal_scattered_showers, uniq_erica
D:9:      layout_long_grid, mainiacjoe_overflow_paths
D:10:     minmay_the_grid_plus_closed [minmay_the_grid_gridbox,
          minmay_the_grid_box_x, minmay_the_grid_outer_diamond,
          minmay_the_grid_odd_star, minmay_the_grid_prize_diamond_cup],
          layout_stronghold, general_overflow_altar, enter_bailey_5, uniq_grum,
          uniq_nergalle

Skill      XL: |  1  2  3  4  5  6  7  8  9 10 11 |
---------------+----------------------------------+-----
Long Blades    | 2 3 6 7 |  7.0
Throwing       | 1 2 3 4 5 6 |  6.0
Unarmed Combat | 1 2 3 |  3.6
Fighting       | 3 4 5 |  5.3
Evocations     | 3 5 6 |  6.0
Short Blades   | 2 4 5 |  5.1
Translocations | 4 5 6 |  6.0
Stealth        | 3 4 |  4.2
Shields        | 2 3 |  3.8
Dodging        | 3 |  3.6
Armour         | |  0.8
Spellcasting   | |  2.0

Action                   |  1- 3 |  4- 6 |  7- 9 | 10-12 || total
-------------------------+-------+-------+-------+-------++-------
Melee: Falchion          |   113 |   136 |     6 |       ||   255
       Headbutt          |     3 |    18 |    27 |    23 ||    71
       Punch             |       |     3 |     5 |     2 ||    10
       Kick              |       |    23 |    54 |    41 ||   118
       Dagger            |       |       |   181 |    88 ||   269
       Touch             |       |       |    32 |    34 ||    66
       Scimitar          |       |       |    41 |    86 ||   127
Throw: Boomerang         |     5 |       |       |       ||     5
       Dart              |       |    22 |    76 |   112 ||   210
 Cast: Blink             |     2 |     3 |     3 |    14 ||    22
Evoke: Wand              |       |       |     7 |     6 ||    13
  Use: Scroll            |     3 |     8 |     1 |     5 ||    17
       Potion            |     2 |     3 |       |       ||     5
 Stab: Sleeping          |     1 |       |       |       ||     1
       Distracted        |       |       |     2 |       ||     2
       Paralysed         |       |       |       |     3 ||     3
Armor: Leather armour    |    45 |    33 |     6 |     6 ||    90
       Robe              |       |       |    17 |    30 ||    47
Dodge: Dodged            |    80 |   132 |   147 |   106 ||   465

Table legend: (Time is in decaauts)
 A = Elapsed time spent in this place.
 B = Non-inter-level travel time spent in this place.
 C = Inter-level travel time spent in this place.
 D = Time resting spent in this place.
 E = Time spent auto-exploring this place.
 F = Levels seen in this place.
 G = Mean time per level.
                   A        B        C        D        E       F      G
               +--------+--------+--------+--------+--------+-----+--------+
         Total |  13536 |  12894 |    642 |    370 |  10411 |  11 | 1230.5 |
       Dungeon |  11738 |  11096 |    642 |    236 |   9128 |  10 | 1173.8 |
        Bailey |   1797 |   1797 |      0 |    134 |   1283 |   1 | 1797.0 |
               +--------+--------+--------+--------+--------+-----+--------+

Top non-repeatable levels by time:
     D:8: 1898 daAuts
  Bailey: 1797 daAuts
     D:1: 1740 daAuts
     D:2: 1650 daAuts
     D:6: 1568 daAuts
     D:5: 1316 daAuts
     D:9: 949 daAuts
     D:4: 930 daAuts
     D:7: 728 daAuts
     D:3: 660 daAuts
    D:10: 296 daAuts
